Workbook
Name ＥＡ: '[1]基本 (2)'!$AF$6
Name ＨＥＬＰ: #REF!
Name ＨＥＬＰ: #REF!
Name ko: #REF!
Name ko: #REF!
Name NO: '[1]基本 (2)'!$A$5
Name q: #REF!
Name q: #REF!
Name いいい: #REF!
Name いいい: #REF!
Name っっっｋ: #REF!
Name っっっｋ: #REF!
Name ほ: #REF!
Name ほ: #REF!
Name 一位: #REF!
Name 一位: #REF!
Name 一位代価: #REF!
Name 一位代価: #REF!
Name 一位代価００７: #REF!
Name 一位代価００７: #REF!
Name 一位代価１: #REF!
Name 一位代価①: #REF!
Name 一位代価２: [2]業務原価!$A$1:$F$65410
Name 一位代価３: [3]一位!$A$1:$F$65536
Name 一位代価４: [3]一位!$A$1:$F$65536
Name 一位代価計: #REF!
Name 一位代価計: #REF!
Name 一位代価統計: #REF!
Name 一位代価統計: #REF!
Name 一位代価統計①: #REF!
Name 一位代価統計１: #REF!
Name 一位代価統計２: [2]業務原価!$P$1:$R$65410
Name 一位代価統計３: #REF!
Name 一位代価統計３: #REF!
Name 一位代価統計４: #REF!
Name 一位代価統計４: #REF!
Name 一師会: '[1]基本 (2)'!$AR$6
Name 科目: #REF!
Name 科目: #REF!
Name 科目コード: '[1]基本 (2)'!$B$5
Name 管理区分: #REF!
Name 管理区分: #REF!
Name 基礎数: #REF!
Name 基礎数: #REF!
Name 基礎数値: #REF!
Name 基礎数値: #REF!
Name 基礎数値１: #REF!
Name 基礎数値１: #REF!
Name 基礎数値２: [4]基礎!$A$1:$F$65536
Name 基礎数値３: #REF!
Name 基礎数値３: #REF!
Name 基礎数値４: #REF!
Name 基礎数値４: #REF!
Name 基礎数値８: #REF!
Name 基礎数値８: #REF!
Name 月日: '[1]基本 (2)'!$C$5
Name 施設: '[1]基本 (2)'!$BF$6
Name 摘要: '[1]基本 (2)'!$D$5
Name 頭: #REF!
Name 二位: #REF!

Sheet 見積書153
C2: 見 積 書
B4: 件名リスト一連番号 | C4: OC153
B6: 見積金額￥ | C6: =H17 -> 0 | F6: （税抜）
B8: 品名 | C8: 規格 | D8: 単位 | E8: 数 量 | F8: 単 価 | H8: 金額
B9: 移動貯蔵タンクの定期点検 | C9: 仕様書のとおり | D9: ST | E9: 1 | H9: =E9*F9 -> 0
C10: 以下余白 | H10: =E10*F10 -> 0
H11: =E11*F11 -> 0
H12: =E12*F12 -> 0
H13: =E13*F13 -> 0
H14: =E14*F14 -> 0
H15: =E15*F15 -> 0
H16: =E16*F16 -> 0
B17: 合 計 | H17: =SUM(H9:H16) -> 0
B18: 納入（履行）場所 | C18: 航校 宇都宮 | E18: 納期 （履行期限） | G18: 46355
B20: 契約保証金 | C20: （免 除） | E20: 入札（見積）書有効期間
B22: 上記に関して「入札及び契約心得」、「オープンカウンター方式実施要項」及び
B23: 「標準契約書等」の契約条項等を承諾の上、入札見積りいたします。また、当社
B24: (私(個人の場合)、当団体(団体の場合))は「入札及び契約心得」に示された暴力団
B25: 排除に関する誓約事項について、誓約いたします。
B26: 契約代金の支払時期：官側が給付の完了の確認又は検査を終了した後、契約相手方から
B27: 適法な支払請求書を受理した日から３０日(工事代金の場合は４０日)以内とする。
B32: 令和 年 月 日
B35: 契約担当官
B36: 陸上自衛隊航空学校宇都宮校
B37: 会計課長 東 浦 秀 平 殿
D40: 住 所
D41: 会 社 名
D42: 代表者名
D44: 担当者名
D45: 連 絡 先
B47: （注）押印を省略する場合には、担当者名及び連絡先を記載すること。

Sheet 市価調査153
C1: 市価調査
B3: 件名リスト一連番号 | C3: =見積書153!C4 -> OC153
B5: 金額￥ | C5: =H16 -> 0 | F5: （税抜）
B7: 品名 | C7: 規格 | D7: 単位 | E7: 数 量 | F7: 単 価 | H7: 金額
B8: =見積書153!B9 -> 移動貯蔵タンクの定期点検 | C8: =見積書153!C9 -> 仕様書のとおり | D8: =見積書153!D9 -> ST | E8: =見積書153!E9 -> 1 | H8: =E8*F8 -> 0
B9: =見積書153!B10 -> 0 | C9: =見積書153!C10 -> 以下余白 | D9: =見積書153!D10 -> 0 | E9: =見積書153!E10 -> 0 | H9: =E9*F9 -> 0
B10: =見積書153!B11 -> 0 | C10: =見積書153!C11 -> 0 | D10: =見積書153!D11 -> 0 | E10: =見積書153!E11 -> 0 | H10: =E10*F10 -> 0
B11: =見積書153!B12 -> 0 | C11: =見積書153!C12 -> 0 | D11: =見積書153!D12 -> 0 | E11: =見積書153!E12 -> 0 | H11: =E11*F11 -> 0
B12: =見積書153!B13 -> 0 | C12: =見積書153!C13 -> 0 | D12: =見積書153!D13 -> 0 | E12: =見積書153!E13 -> 0 | H12: =E12*F12 -> 0
B13: =見積書153!B14 -> 0 | C13: =見積書153!C14 -> 0 | D13: =見積書153!D14 -> 0 | E13: =見積書153!E14 -> 0 | H13: =E13*F13 -> 0
B14: =見積書153!B15 -> 0 | C14: =見積書153!C15 -> 0 | D14: =見積書153!D15 -> 0 | E14: =見積書153!E15 -> 0 | H14: =E14*F14 -> 0
B15: =見積書153!B16 -> 0 | C15: =見積書153!C16 -> 0 | D15: =見積書153!D16 -> 0 | E15: =見積書153!E16 -> 0 | H15: =E15*F15 -> 0
B16: 合 計 | H16: =SUM(H8:H15) -> 0
B17: 納入（履行）場所 | C17: =見積書153!C18 -> 航校 宇都宮 | E17: 納期（履行期限） | G17: =見積書153!G18 -> 46355
B19: 上記に関して「入札及び契約心得」、「オープンカウンター方式実施要項」及び
B20: 「標準契約書等」の契約条項等を承諾の上、入札見積りいたします。また、当社
B21: (私(個人の場合)、当団体(団体の場合))は「入札及び契約心得」に示された暴力団
B22: 排除に関する誓約事項について、誓約いたします。
B23: 契約代金の支払時期：官側が給付の完了の確認又は検査を終了した後、契約相手方から
B24: 適法な支払請求書を受理した日から３０日(工事代金の場合は４０日)以内とする。
B26: 令和 年 月 日
B29: 契約担当官
B30: 陸上自衛隊航空学校宇都宮校
B31: 会計課長 東 浦 秀 平 殿
D33: 住 所
D34: 会 社 名
D35: 代表者名
D37: 担当者名
D38: 連 絡 先
B40: ※見積参加希望者は市価調査へのご協力をお願いします。
B41: （送料等は単価に含めて計上してください）
B42: 市価調査は 期限までにメール等で送信をお願いします。
